 Dungeon Crawl Stone Soup version 0.27-a0-1290-g15d3ce7508 (webtiles) character file.

Game seed: 9570452174749889829

18 Glokmah the Bolt Thrower (level 2, 0/17 HPs)
             Began as a Tengu Hunter on June 15, 2021.
             Slain by Sigmund (4 damage)
             ... on level 2 of the Dungeon.
             The game lasted 00:01:47 (1600 turns).

Glokmah the Bolt Thrower (Tengu Hunter)             Turns: 1600, Time: 00:01:48

Health: 0/17       AC:  7    Str: 12    XL:     2   Next: 66%
Magic:  3/3        EV: 12    Int: 11    God:
Gold:   82         SH:  0    Dex: 14    Spells: 1/1 levels left

rFire    . . .     SeeInvis .   a - +1 hand crossbow
rCold    . . .     Faith    .   (no shield)
rNeg     . . .     Spirit   .   c - +0 leather armour
rPois    .         Reflect  .   (helmet restricted)
rElec    .         Harm     .   (no cloak)
rCorr    .         Rampage  .   (no gloves)
Will     .....                  (boots unavailable)
Stlth    +.........             (no amulet)
HPRegen  0.05/turn              h - +4 ring of protection
MPRegen  0.08/turn              (no ring)

@: confused
A: beak, talons 3
a: no special abilities


You were on level 2 of the Dungeon.
You visited 1 branch of the dungeon, and saw 2 of its levels.

You collected 82 gold pieces.

Inventory:

Hand Weapons
 a - a +1 hand crossbow (weapon)
 b - a +0 short sword
 e - a +1 dagger of holy wrath
Missiles
 d - 40 bolts (quivered ammo)
Armour
 c - a +0 leather armour (worn)
Jewellery
 h - a +4 ring of protection (left hand)
Scrolls
 f - a scroll of amnesia {unknown}
 g - a scroll of identify {unknown}
 i - 2 scrolls of summoning {unknown}
 j - a scroll of enchant armour {unknown}


   Skills:
 + Level 2.3 Fighting
 * Level 4.8 Crossbows
 + Level 2.5 Dodging
 - Level 1.0 Stealth


You had one spell level left.
You didn't know any spells.
Your spell library was empty.

Dungeon Overview and Level Annotations

Branches:
Dungeon (2/15)

Altars:

Annotations:
D:2 Sigmund


Innate Abilities, Weirdness & Mutations

You have a beak for a mouth.
You have claws for feet.


Message History

What are your orders? t - Shout!
Orders for allies: a - Attack new target. r - Retreat! s - Stop attacking. g - Guard the area. f - Follow me.
Anything else - Cancel.
You shout for attention!
There is a stone staircase leading up here.
There is an open door here.
There is an open door here.
You see here a quokka skeleton.
Sigmund shouts!
Sigmund is nearby!
Fire: 41 bolts
Press: ? - help, Q - select action Shift-Dir - straight line, f - Sigmund
Aim: Sigmund, wielding a +0 scythe and wearing a +0 robe (63% to hit)
You shoot a bolt. The bolt hits Sigmund!
Sigmund is moderately wounded.
Sigmund gestures wildly while chanting.
Sigmund flickers and vanishes!
Deactivating autopickup; reactivate with Ctrl-A.
Fire: 40 bolts
Press: ? - help, Q - select action Shift-Dir - straight line, f - you Really target yourself?
Okay, then.
There is an open door here.
You close the door.
Something unseen opens the door.
There is an open door here.
You are confused.
You hear some strange, mumbled words.
You are more confused.
You're too confused to move!
Something hits you!
Ouch! That really hurt!
You bump into the rock wall.
Something hits you.
* * * LOW HITPOINT WARNING * * *
You aren't carrying any potions.
Unknown command.
You bump into the rock wall.
Something hits you.
You die...

#........'.........'............
#.#...####.........####...#.####
#.##.## ##.......## ##.##.#
#.#### ##.....## ####.# #.#####
##...## ###.# #.....# ##'##
#...# #####.### #.# #.###
#......######.## #.#
#.##.#........@# #.#
#.##.#..####...## #.#
#.##............# #.#
#.####..##.#...#########.#
#.####.......<...........#
#.......##.#.....#########
#######.##.......# #.####>....#
#.# #.....#


There were no monsters in sight!

Vanquished Creatures
  A dart slug (D:1)
  An endoplasm (D:2)
  3 giant cockroaches
  2 goblins (D:1)
  A hobgoblin (D:2)
  A quokka (D:2)
  3 bats
  A frilled lizard (D:1)
  2 kobolds (D:1)
  A rat (D:1)
16 creatures vanquished.

Notes
Turn   | Place    | Note
-------+----------+-------------------------------------------
     0 | D:1      | Glokmah the Tengu Hunter began the quest for the Orb.
     0 | D:1      | Reached XP level 1. HP: 12/12 MP: 2/2
   393 | D:1      | Reached XP level 2. HP: 17/17 MP: 3/3
   682 | D:1      | Found a faded altar of an unknown god.
  1199 | D:2      | Noticed Sigmund
  1600 | D:2      | Slain by Sigmund

Illustrated notes

Levels and vault maps discovered:
D:1:      lemuel_arrival_river_bridge, layout_loops_ring,
          shapermc_ecumenical_altar_hornbeckon
D:2:      layout_loops_corners, uniq_sigmund

Action                   || total
-------------------------++-------
Melee: Dagger            ||    29
       Kick              ||     8
       Peck              ||     5
 Fire: Hand crossbow     ||     3
 Stab: Sleeping          ||     1
Armor: Leather armour    ||    12
Dodge: Dodged            ||    12

Table legend: (Time is in decaauts)
 A = Elapsed time spent in this place.
 B = Non-inter-level travel time spent in this place.
 C = Inter-level travel time spent in this place.
 D = Time resting spent in this place.
 E = Time spent auto-exploring this place.
 F = Levels seen in this place.
 G = Mean time per level.
                   A        B        C        D        E       F      G
               +--------+--------+--------+--------+--------+-----+--------+
         Total |   1615 |   1561 |     54 |    229 |   1093 |   2 |  807.5 |
       Dungeon |   1615 |   1561 |     54 |    229 |   1093 |   2 |  807.5 |
               +--------+--------+--------+--------+--------+-----+--------+

Top non-repeatable levels by time:
     D:1: 872 daAuts
     D:2: 742 daAuts
